 Dungeon Crawl Stone Soup version 0.23.2-30-g0e89c35649 (webtiles) character file.

Game seed: 1128356564561822696

301 Turist the Sneak (level 6, -1/30 HPs)
             Began as a Spriggan Enchanter on June 23, 2019.
             Was an Initiate of Nemelex Xobeh.
             Slain by an orc wizard
             ... wielding a +0 dagger
              (3 damage)
             ... on level 4 of the Dungeon.
             The game lasted 00:22:36 (4335 turns).

Turist the Sneak (Spriggan Enchanter)               Turns: 4335, Time: 00:22:36

Health: -1/30      AC:  2    Str:  2 (5)  XL:     6   Next: 14%
Magic:  5/11       EV: 20    Int: 13 (16) God:    Nemelex Xobeh [......]
Gold:   94         SH:  0    Dex: 15 (18) Spells: 4/10 levels left

rFire    . . .     SeeInvis +   b - +0 short sword (drain)
rCold    . . .     Gourm    .   (shield restricted)
rNeg     . . .     Faith    .   w - +0 robe
rPois    .         Spirit   .   (helmet restricted)
rElec    .         Reflect  .   (no cloak)
rCorr    .         Harm     .   (gloves unavailable)
MR       +....                  (boots unavailable)
Stlth    +++.......             (no amulet)
HPRegen  0.10/turn              (no ring)
MPRegen  0.12/turn              (no ring)

@: very quick
A: very small, unfitting armour, see invisible, herbivore, speed 3, slow
metabolism 2
a: Draw Escape, Draw Destruction, Draw Summoning, Renounce Religion


You were on level 4 of the Dungeon.
You worshipped Nemelex Xobeh.
Nemelex Xobeh was noncommittal.
You were near starving.

You visited 1 branch of the dungeon, and saw 4 of its levels.

You collected 94 gold pieces.

Inventory:

Hand Weapons
 a - a +1 dagger
 b - a +0 short sword of draining (weapon)
Missiles
 g - 101 stones (quivered)
Armour
 w - a +0 robe (worn)
Scrolls
 e - 2 scrolls of fear {unknown}
 f - a scroll of amnesia {unknown}
 h - 4 scrolls of remove curse {unknown}
 i - 2 scrolls of magic mapping {unknown}
 j - a scroll of noise {unknown}
 l - 2 scrolls of teleportation {unknown}
 o - a scroll of immolation {unknown}
 s - 2 scrolls of identify {unknown}
Potions
 c - 2 potions of degeneration
 k - a potion of curing {unknown}
 m - a potion of haste {unknown}
 n - a potion of flight {unknown}
 p - a potion of might {unknown}
 q - a potion of agility {unknown}
 r - a potion of berserk rage {unknown}
 t - a potion of mutation {unknown}
 u - a potion of heal wounds {unknown}
 v - a potion of resistance {unknown}
Comestibles
 d - 4 rations


   Skills:
 + Level 2.0 Fighting
 + Level 3.1 Short Blades
 + Level 5.1 Dodging
 + Level 6.2 Stealth
 - Level 2.6 Spellcasting
 + Level 4.6 Hexes


You had 4 spell levels left.
You knew the following spells:

 Your Spells              Type           Power        Failure   Level  Hunger
a - Corona                Hex            ##.....      3%          1    #......
b - Confuse               Hex            ##......     11%         3    ###....
c - Ensorcelled Hibernat  Hex/Ice        #.....       14%         2    ###....

Your spell library contained the following spells:

 Spells                   Type           Power        Failure   Level  Hunger
 Tukima's Dance           Hex            ##......     11%         3    ###....
 Dazzling Spray           Conj/Hex       #.....       26%         3    ###....


Dungeon Overview and Level Annotations

Branches:
Dungeon (4/15)
 Temple: D:4-7

Altars:
Ashenzari
Fedhas
Gozag
Nemelex Xobeh


Innate Abilities, Weirdness & Mutations

You are very small and have problems with some larger weapons.
You are too small for most types of armour.
You have supernaturally acute eyesight. (SInv)
You are a herbivore.
You cover ground extremely quickly.
You need to consume almost no food.


Message History

Aiming: Ensorcelled Hibernation (safe; 11% risk of failure)
Press: ? - help, Shift-Dir - straight line, f/p - orc wizard
Aim: an orc wizard, wielding a +0 dagger and wearing a +0 robe (lightly wounded, fast, not susceptible)
Okay, then.
Unknown command.
Press: ? - help, v - describe, . - travel
Here: an orc wizard, wielding a +0 dagger and wearing a +0 robe (lightly wounded, fast)
The floor.
Okay, then.
Okay, then.
It was a potion of degeneration.
There was something very wrong with that liquid.
You feel weakened.
You feel dopey.
You feel clumsy.
The orc wizard hits you with a +0 dagger.
* * * LOW HITPOINT WARNING * * *
The orc misses you.
The orc barely misses the orc wizard.
The orc barely misses itself.
The orc wizard hits you with a +0 dagger.
You die...
Your body disappears without a glow.

P...# ##.....## #.#### P.#.#
##.......###.##.##
...)####.........##.#...##
P......'.........'.......###
#...####.........##........#
#..## ##.......######.###.#
#.## ##).†....# ####..# .#.#
##...##.# #.## #.##
##+###@### #.# ### #.#.oo..#
#.# # #.#.♣o♣.### #># ##
##.'.._..'.# #.#
.##########..#.♣.♣.#.# #.#
.............#.....#.# #.#
.#########.>.###'###.# #.#
## #.#.....###.####.#
#................#


You could see an orc wizard and 2 orcs.

Vanquished Creatures
  A centaur (D:4)
  An orc wizard (D:3)
  Natasha (D:3)
  A worker ant (D:4)
  A hound skeleton (D:4)
  3 adders
  A shadow imp (D:4)
  2 oozes
  A worm (D:4)
  2 leopard geckos
  11 orcs
  5 giant cockroaches
  7 goblins
  6 hobgoblins
  A jackal (D:1)
  5 kobolds (D:1)
  A quokka (D:3)
  11 bats
  4 frilled lizards
  10 rats
75 creatures vanquished.

Notes
Turn   | Place    | Note
-------+----------+-------------------------------------------
     0 | D:1      | Turist the Spriggan Enchanter began the quest for the Orb.
     0 | D:1      | Reached XP level 1. HP: 9/9 MP: 5/5
   388 | D:1      | Reached XP level 2. HP: 14/14 MP: 3/6
  1624 | D:1      | Reached XP level 3. HP: 7/17 MP: 8/8
  1630 | D:1      | Learned a level 3 spell: Confuse
  1633 | D:1      | Learned a level 2 spell: Ensorcelled Hibernation
  1692 | D:1      | Reached skill level 5 in Stealth
  2392 | D:2      | Reached skill level 1 in Fighting
  2660 | D:2      | Reached XP level 4. HP: 22/22 MP: 9/9
  2825 | D:3      | Found a shattered altar of Ashenzari.
  3639 | D:3      | Found a sparkling altar of Nemelex Xobeh.
  3650 | D:3      | Reached XP level 5. HP: 25/25 MP: 7/10
  3664 | D:3      | Became a worshipper of Nemelex Xobeh the Trickster
  3702 | D:3      | Noticed Natasha
  3705 | D:3      | Killed Natasha
  3862 | D:4      | Received a gift from Nemelex Xobeh
  3892 | D:4      | Found an opulent altar of Gozag.
  3962 | D:4      | Found a blossoming altar of Fedhas.
  3962 | D:4      | Noticed a centaur
  3969 | D:4      | Killed a centaur
  3969 | D:4      | Reached skill level 6 in Stealth
  4057 | D:4      | Reached skill level 5 in Dodging
  4057 | D:4      | Reached XP level 6. HP: 24/30 MP: 4/11
  4335 | D:4      | Slain by an orc wizard

Skill      XL: |  1  2  3  4  5 |
---------------+----------------+-----
Stealth        | 5 6 |  6.2
Fighting       | 1 2 |  2.0
Short Blades   | 2 3 |  3.1
Dodging        | 4 5 |  5.1
Hexes          | 4 |  4.6
Spellcasting   | |  2.6

Action                   |  1- 3 |  4- 6 || total
-------------------------+-------+-------++-------
Melee: Dagger            |   214 |    77 ||   291
       Short sword       |       |    37 ||    37
Throw: Stone             |     1 |       ||     1
 Cast: Corona            |    29 |     3 ||    32
       Confuse           |     1 |     6 ||     7
       Ensorcelled Hiber |     1 |    15 ||    16
  Use: Potion            |       |     1 ||     1
 Stab: Sleeping          |     7 |    16 ||    23
       Distracted        |     1 |       ||     1
       Confused          |       |     3 ||     3
  Eat: Ration            |       |     1 ||     1
Armor: Robe              |    44 |     3 ||    47
Dodge: Dodged            |   238 |    78 ||   316
